 Dungeon Crawl Stone Soup version 0.27.1-1-g398f81649c (webtiles) character file.

Game seed: 18413467017301814624

602 nxtlvl the Spear-Bearer (level 7, -2/90 HPs)
             Began as a Minotaur Abyssal Knight on Sept 14, 2021.
             Was a Believer of Lugonu.
             Slain by a kobold brigand (3 damage)
             ... on level 6 of the Dungeon.
             The game lasted 00:08:19 (946 turns).

nxtlvl the Spear-Bearer (Minotaur Abyssal Knight)    Turns: 946, Time: 00:08:21

Health: -2/90      AC: 23    Str: 18    XL:     7   Next: 18%
Magic:  7/8        EV:  2    Int:  9    God:    Lugonu [**....]
Gold:   52         SH:  0    Dex: 10    Spells: 6/6 levels left

rFire    . . .     SeeInvis .   a - +1 spear
rCold    . . .     Faith    +   (no shield)
rNeg     + + +     Spirit   .   (armour currently unavailable)
rPois    +         Reflect  .   (helmet currently unavailable)
rElec    .         Harm     .   (cloak currently unavailable)
rCorr    .         Rampage  .   (gloves currently unavailable)
Will     .....     NoTele   +   (boots currently unavailable)
Stlth    +.........             m - amulet of faith
HPRegen  0.25/turn              (no ring)
MPRegen  0.11/turn              (no ring)

@: lethally poisoned (-2 -> -8), tree-form, slowed, very slow
A: stationary, stasis, torment immunity, boosted hp, (horns 2), (retaliatory
headbutt)
a: Renounce Religion, Depart the Abyss, Bend Space


You were on level 6 of the Dungeon.
You worshipped Lugonu.
Lugonu was pleased with you.
You were a tree.
You visited 1 branch of the dungeon, and saw 7 of its levels.
You visited the Abyss 1 time.

You collected 52 gold pieces.

Inventory:

Hand Weapons
 a - a +1 spear (weapon)
 b - a +0 lajatang
 A - a +0 trident
Missiles
 j - 11 poisoned darts (quivered)
Armour
 c - a +0 scale mail (melded)
 d - a +0 cloak (melded)
Jewellery
 m - an amulet of faith (around neck)
Wands
 n - a wand of paralysis (4)
Scrolls
 g - a scroll of magic mapping {unknown}
 h - 2 scrolls of holy word
 k - a scroll of noise {unknown}
Potions
 i - a potion of flight {unknown}
 l - a potion of curing {unknown}
 p - a potion of brilliance {unknown}


   Skills:
 + Level 4.5 Fighting
 * Level 8.8 Polearms
 - Level 2.4 Armour
 - Level 1.1 Dodging
 + Level 2.8 Invocations


You had 6 spell levels left.
You didn't know any spells.
Your spell library was empty.

Dungeon Overview and Level Annotations

Branches:
Dungeon (7/15)
 Temple: D:4-7

Altars:
Uskayaw
Xom

Shops:
D:2 =

Annotations:
D:6 1 runed translucent door, MemeProof's ghost, weakling MiFi; Sigmund


Innate Abilities, Weirdness & Mutations

You are a tree.
Your roots penetrate the ground, keeping you stationary.
You cannot be teleported.
You are immune to unholy pain and torment.
Your maximum health is greatly increased.
Your equipment is partially melded.
((You have a pair of horns on your head.))
((You reflexively headbutt those who attack you in melee.))


Message History

e - a dark potion The scorpion stings you but does no damage.
The scorpion closely misses you.
The scorpion looks more healthy.
You hit the scorpion.
You kill the scorpion!
Lugonu accepts your kill.
You closely miss the kobold brigand. You headbutt the kobold brigand.
The kobold brigand is lightly wounded.
The kobold brigand closely misses you.
You hit the kobold brigand.
The kobold brigand is moderately wounded.
The kobold brigand hits you with a +0 whip!
* * * LOW HITPOINT WARNING * * *
You hit the kobold brigand but do no damage.
The kobold brigand is moderately wounded.
The kobold hits you but does no damage.
You closely miss the kobold brigand.
The kobold brigand is moderately wounded.
The kobold brigand hits you with a +0 whip.
* * * LOW HITPOINT WARNING * * *
You hit the kobold but do no damage. Your headbutt misses the kobold.
The kobold hits you but does no damage.
You hit the kobold.
You kill the kobold!
Lugonu accepts your kill.
The kobold brigand throws a curare-tipped dart.
The curare-tipped dart hits you.
You are poisoned.
You have difficulty breathing.
* * * LOW HITPOINT WARNING * * *
You feel yourself slow down.
It was a potion of lignification.
You turn into a tree.
Your +0 cloak melds into your body.
Your +0 scale mail melds into your body.
Your roots penetrate the ground.
* * * LOW HITPOINT WARNING * * *
You feel very sick.
The kobold brigand hits you with a +0 whip.
You die...

#...##((K.# #.## .#
#..>#.###.###..###.## #..#
#............. #.#.#
###K.......... #.##.#
#.#.#..<.... #.##.# #...........
#....# ###.#....... .####K#
##K#....... .# #♣# ##...K......
.####.# ##.....##### ###......#
#.......## # ##........#
#.........#### #####.....#####
#######...')..
####....##.##....#####.###...####
.##..####...####..##..)#.#..## #
..........#..........##.##.## #
...####..###..####...#.##### #


You could see a kobold brigand.

Vanquished Creatures
  A sky beast (D:6)
  An ice beast (D:6)
  A necrophage (D:4)
  A gnoll sergeant (D:6)
  2 scorpions (D:6)
  A howler monkey (D:6)
  2 hounds
  A bullfrog skeleton (D:6)
  An ufetubus (D:6)
  A dart slug (D:2)
  5 orcs
  2 giant cockroaches
  7 goblins
  2 hobgoblins
  A ball python (D:1)
  A frilled lizard (D:2)
  5 kobolds
  A rat (D:1)
36 creatures vanquished.

Notes
Turn   | Place    | Note
-------+----------+-------------------------------------------
     0 | Abyss:1  | nxtlvl the Minotaur Abyssal Knight began the quest for the
                  | Orb.
     0 | Abyss:1  | Reached XP level 1. HP: 19/19 MP: 1/1
    47 | D:1      | Escaped the Abyss
   159 | D:1      | Found a faded altar of an unknown god.
   186 | D:1      | Reached skill level 3 in Polearms
   254 | D:2      | Reached XP level 2. HP: 26/26 MP: 2/2
   264 | D:2      | Found Gugoynaq's Jewellery Shop.
   351 | D:4      | Noticed a necrophage
   366 | D:4      | Killed a necrophage
   367 | D:4      | Reached skill level 5 in Polearms
   367 | D:4      | Reached XP level 3. HP: 18/31 MP: 3/3
   367 | D:4      | Reached XP level 4. HP: 22/39 MP: 4/4
   388 | D:4      | Found a hide-covered altar of Uskayaw.
   445 | D:4      | Reached ** piety under Lugonu
   463 | D:4      | Reached skill level 6 in Polearms
   508 | D:5      | Entered Level 5 of the Dungeon
   537 | D:5      | Reached XP level 5. HP: 27/45 MP: 5/5
   602 | D:6      | Noticed Sigmund
   608 | D:6      | Noticed a sky beast
   616 | D:6      | HP: 2/45 [sky beast (5)]
   621 | D:6      | Killed a sky beast
   622 | D:6      | Reached skill level 7 in Polearms
   622 | D:6      | Reached XP level 6. HP: 3/51 MP: 6/6
   707 | D:7      | Noticed a yak
   788 | D:6      | Reached skill level 8 in Polearms
   860 | D:6      | Found a runed translucent door.
   860 | D:6      | Found a shimmering altar of Xom.
   860 | D:6      | Noticed MemeProof's ghost (weakling MiFi)
   861 | D:6      | Noticed a +2 spear of chaos
   888 | D:6      | Noticed an ice beast
   919 | D:6      | Killed an ice beast
   920 | D:6      | Reached XP level 7. HP: 32/60 MP: 7/7
   945 | D:6      | HP: 3/60 [asphyx]
   946 | D:6      | HP: 1/90 [poisoned by a kobold brigand (curare-tipped
                  | dart)]
   946 | D:6      | Slain by a kobold brigand

Illustrated notes

Levels and vault maps discovered:
D:1:      dpeg_arrival_renting, layout_rooms, basic_ecumenical_altar,
          serial_bayou_ford_a, kennysheep_another_room, serial_bayou_lagoon_a,
          minmay_misc_feat_four_crosses
D:2:      layout_rooms, serial_shops, shop, serial_co_window_serial,
          co_window_cross_1, co_window_paths_a, co_window_cross_1,
          co_window_paths_b, co_window_paths_a, co_window_corner_cb,
          co_window_unsneaky_path_c, co_window_broadway_b, co_window_corner_b,
          co_window_corner_b, co_window_paths_c, co_window_paths_d,
          glass_columns_a, minivault_27, st_stairs_13
D:3:      layout_loops_ring, glass_columns_a, minmay_misc_feat_diagonals,
          minmay_crystal_room, chequers_garden, hex_large
D:4:      black_bear_nest_1, layout_cave_pods, eat_drink_and_be_merry_uskayaw,
          minmay_unequal
D:5:      layout_basic, makhleb_blood_cavern_becter,
          minmay_temple_entry_glassed_door, cheibrodos_sewer_entry_sluice,
          minmay_gold_behind_fungi
D:6:      wad_crossroads, layout_loops_corners, nicolae_ru_path_of_blood,
          mainiacjoe_overflow_big_doors, ebering_ghost_xom,
          minmay_ruined_shrine, uniq_sigmund
D:7:      layout_cave_pods

Skill      XL: |  1  2  3  4  5  6 |
---------------+-------------------+-----
Polearms       | 3 5 6 7 8 |  8.8
Invocations    | 2 |  2.8
Fighting       | 4 |  4.5
Armour         | |  2.4
Dodging        | |  1.1

Action                   |  1- 3 |  4- 6 |  7- 9 || total
-------------------------+-------+-------+-------++-------
Melee: Spear             |    32 |    74 |    14 ||   120
       Lajatang          |     8 |       |       ||     8
       Headbutt          |     2 |     8 |     1 ||    11
Throw: Dart              |       |     7 |     2 ||     9
Evoke: Wand              |       |     1 |       ||     1
  Use: Scroll            |       |     2 |       ||     2
       Potion            |       |       |     1 ||     1
 Stab: Paralysed         |       |     6 |       ||     6
Armor: Leather armour    |     4 |     7 |       ||    11
       Scale mail        |       |     1 |     5 ||     6
Dodge: Dodged            |    15 |    20 |     2 ||    37
